 Seeded DCSS version 0.29.1-15-g9cfb28693d (webtiles) character file.

Game seed: 10786124958312911374 (custom seed)

68 bmack86 the Covered (level 4, -3/40 HPs)
             Began as a Minotaur Fighter on Mar 1, 2023.
             Killed from afar by Sigmund (6 damage)
             ... with a puff of flame
             ... on level 2 of the Dungeon.
             The game lasted 00:02:45 (1140 turns).

bmack86 the Covered (Minotaur Fighter)              Turns: 1140, Time: 00:02:45

Health: -3/40      AC:  8    Str: 22    XL:     4   Next: 1%
Magic:  3/3        EV:  9    Int:  5    God:
Gold:   58         SH:  4    Dex: 10    Spells: 3/3 levels left

rFire   . . .      SeeInvis .   a - +0 war axe
rCold   . . .      Faith    .   c - +0 buckler
rNeg    . . .      Spirit   .   b - +0 scale mail
rPois   .          Reflect  .   (helmet restricted)
rElec   .          Harm     .   (no cloak)
rCorr   .          Rampage  .   (no gloves)
Will    .....                   i - +0 pair of boots
Stlth   ..........              (no amulet)
HPRegen 0.13/turn               (no ring)
MPRegen 0.08/turn               (no ring)

@: no status effects
A: horns 2, retaliatory headbutt
a: no special abilities


You were on level 2 of the Dungeon.
You visited 1 branch of the dungeon, and saw 2 of its levels.

You collected 58 gold pieces.

Inventory:

Hand Weapons
 a - a +0 war axe (weapon)
Armour
 b - a +0 scale mail (worn)
 c - a +0 buckler (worn)
 i - a +0 pair of boots (worn)
Scrolls
 e - a scroll of fear {unknown}
 f - 3 scrolls of poison {unknown}
 h - a scroll of noise {unknown}
 l - 2 scrolls of blinking {unknown}
 m - a scroll of summoning {unknown}
 n - a scroll of enchant weapon {unknown}
 q - a scroll of identify
Potions
 d - a potion of might
 g - 2 potions of curing
 j - a potion of invisibility {unknown}
 k - a potion of ambrosia
 o - 3 potions of lignification
 p - a potion of berserk rage {unknown}
 r - a potion of brilliance {unknown}
 s - a potion of resistance {unknown}


   Skills:
 + Level 4.2 Fighting
 * Level 3.8 Axes
 + Level 4.2 Armour
 + Level 4.1 Shields


You had 3 spell levels left.
You didn't know any spells.
Your spell library contained the following spells:

 Spells                   Type           Power      Damage    Failure   Level
 Freeze                   Ice            0%         1d3       87%         1
 Frozen Ramparts          Ice            0%         1d1       99%         3
 Hailstorm                Conj/Ice       0%         3d3       100%        4
 Summon Ice Beast         Ice/Summ       0%         N/A       100%        4
 Summon Mana Viper        Hex/Summ       0%         N/A       100%        5
 Monstrous Menagerie      Summ           0%         N/A       100%        7


Dungeon Overview and Level Annotations

Branches:
Dungeon (2/15)

Altars:

Annotations:
D:2 Sigmund


Innate Abilities, Weirdness & Mutations

You have a pair of horns on your head.
You reflexively headbutt those who attack you in melee.


Message History

s - a metallic pink potion HP restored.
Found a stone staircase leading up.
Found a stone staircase leading down.
f - 3 scrolls labelled GIOZXI BUAB (gained 1) Sigmund the Dreaded comes into view.
He is wielding a +0 scythe.
Sigmund shouts!
Sigmund drinks a potion.
Sigmund seems to speed up.
Sigmund gestures at you while chanting. The magic dart hits you.
Sigmund points at you and mumbles some strange words.
You resist with some effort. You block Sigmund's attack.
Sigmund barely misses you. You furiously retaliate!
You headbutt Sigmund, but do no damage. You hit Sigmund.
Your headbutt misses Sigmund.
Sigmund is moderately wounded.
Sigmund hits you with a +0 scythe.
You slash Sigmund!
Sigmund is heavily wounded.
Sigmund hits you with a +0 scythe!
You hit Sigmund.
Sigmund is severely wounded.
Sigmund hits you with a +0 scythe.
Sigmund casts a spell.
Sigmund flickers and vanishes!
Deactivating autopickup; reactivate with Ctrl-A.
You closely miss something. Something hits you but does no damage.
You completely miss something. Your headbutt misses something.
Something hits you. x2
You barely miss something. Something hits you.
* * * LOW HITPOINT WARNING * * *
You completely miss something. Something hits you.
* * * LOW HITPOINT WARNING * * *
You miss something. Your headbutt misses something. Something hits you.
* * * LOW HITPOINT WARNING * * *
You hear some strange, mumbled words.
A puff of flame appears from out of thin air!
The puff of flame hits you.
You die...

#.####.#......#
##....#.<###.###
#...#.#..# #.# #
#.#......# .# #
###.#...##.. #
#...#...# ### #
#.#.....# ######
#.#.##..# ......
#@#.. ..# ......
#{#....## ......
#.##.## ......
#.. .# ......
### ## ......
...... ......
...... ......


There were no monsters in sight!

Vanquished Creatures
  A gnoll (D:1)
  2 worms (D:2)
  3 dart slugs (D:1)
  5 ball pythons (D:1)
  4 endoplasms (D:1)
  A giant cockroach (D:2)
  5 hobgoblins
  6 kobolds
  2 quokkas
  8 bats (D:1)
  2 frilled lizards (D:2)
  2 goblins (D:1)
  4 rats (D:1)
45 creatures vanquished.

Notes
Turn   | Place    | Note
-------+----------+-------------------------------------------
     0 | D:1      | bmack86 the Minotaur Fighter began the quest for the Orb.
     0 | D:1      | Reached XP level 1. HP: 19/19 MP: 0/0
   243 | D:1      | Reached XP level 2. HP: 22/27 MP: 1/1
   316 | D:1      | Reached XP level 3. HP: 26/33 MP: 2/2
  1093 | D:2      | Reached XP level 4. HP: 38/40 MP: 3/3
  1128 | D:2      | Noticed Sigmund
  1140 | D:2      | Killed from afar by Sigmund

Illustrated notes

Levels and vault maps discovered:
D:1:      shiori_arrival_elements, layout_basic
D:2:      wander_river, layout_basic, pf_guarded_unrand_woodcutter,
          uniq_sigmund, uniq_terence

Skill      XL: |  1  2  3 |
---------------+----------+-----
Axes           | 3 |  3.8
Shields        | 4 |  4.1
Fighting       | 4 |  4.2
Armour         | 4 |  4.2

Action                   |  1- 3 |  4- 6 || total
-------------------------+-------+-------++-------
Melee: War axe           |    61 |     8 ||    69
       Headbutt          |    10 |       ||    10
  Use: Scroll            |     3 |       ||     3
Armor: Scale mail        |    42 |     1 ||    43
Dodge: Dodged            |    44 |     1 ||    45
Block: Buckler           |    18 |     1 ||    19
